 Dungeon Crawl Stone Soup version 0.23.2-30-g0e89c35649 (webtiles) character file.

Game seed: 8457482993696642641

182 teukkam the Skirmisher (level 5, 0/70 HPs)
             Began as a Minotaur Fighter on June 12, 2019.
             Slain by an ogre
             ... wielding a +0 giant club
              (11 damage)
             ... on level 4 of the Dungeon.
             The game lasted 00:07:50 (1315 turns).

teukkam the Skirmisher (Minotaur Fighter)           Turns: 1315, Time: 00:07:50

Health: 0/70       AC: 22    Str: 19 (21) XL:     5   Next: 34%
Magic:  4/4        EV:  2    Int:  2 (5)  God:
Gold:   33         SH: 10    Dex:  9 (10) Spells: 4/4 levels left

rFire    . . .     SeeInvis .   a - +4 short sword
rCold    . . .     Gourm    .   c - +1 shield
rNeg     + + +     Faith    .   (armour currently unavailable)
rPois    +         Spirit   .   (helmet currently unavailable)
rElec    .         Reflect  .   (cloak currently unavailable)
rCorr    .         Harm     .   (gloves currently unavailable)
MR       .....     NoTele   +   (boots currently unavailable)
Stlth    +.........             (no amulet)
HPRegen  0.21/turn              (no ring)
MPRegen  0.09/turn              (no ring)

@: tree-form, very slightly contaminated, hasted, invisible, very quick
A: (retaliatory headbutt)
a: no special abilities


You were on level 4 of the Dungeon.
You were hungry.
You were a tree.
You visited 1 branch of the dungeon, and saw 4 of its levels.

You collected 33 gold pieces.

Inventory:

Hand Weapons
 a - a +4 short sword (weapon)
 j - a +0 war axe
Missiles
 h - 76 stones (quivered)
 l - 5 tomahawks
Armour
 b - a +0 scale mail (melded)
 c - a +1 shield (worn)
Wands
 d - a wand of polymorph (8)
Scrolls
 p - a scroll of identify {unknown}
Potions
 i - a potion of degeneration
 r - a potion of flight {unknown}
Comestibles
 f - 4 rations


   Skills:
 + Level 4.9 Fighting
 + Level 2.1 Short Blades
 - Level 2.9 Axes
 + Level 4.7 Armour
 + Level 4.8 Shields


You had 4 spell levels left.
You didn't know any spells.
Your spell library contained the following spells:

 Spells                   Type           Power        Failure   Level  Hunger
 Corona                   Hex            #......      94%         1    ##.....
 Ensorcelled Hibernation  Hex/Ice        #.....       98%         2    ###....
 Confuse                  Hex            #.......     100%        3    ####...
 Dazzling Spray           Conj/Hex       #.....       100%        3    ####...
 Tukima's Dance           Hex            #.......     100%        3    ####...


Dungeon Overview and Level Annotations

Branches:
Dungeon (4/15)
 Temple: D:4-7

Altars:


Innate Abilities, Weirdness & Mutations

((You reflexively headbutt those who attack you in melee.))
((You have a pair of horns on your head.))


Message History

* * * LOW HITPOINT WARNING * * *
It was a potion of magic.
Magic courses through your body.
You are feeling hungry.
The ogre hits you but does no damage.
It was a potion of invisibility.
You fade into invisibility!
You are very lightly contaminated with residual magic.
You cannot move. (Use ctrl+direction or * direction to attack without moving.)
You swing at nothing.
The ogre hits you with a +0 giant club!
* * * LOW HITPOINT WARNING * * *
It was a potion of haste.
You feel yourself speed up.
You feel less invigorated.
You feel less confused. You block the ogre's attack.
You puncture the ogre!
The ogre is moderately wounded.
You barely miss the ogre.
The ogre is moderately wounded.
The ogre hits you with a +0 giant club!
You die...

###.# #...........
###.#### #...........
.......## #..#.......##
#.......####.#....<....#
#.....#......#.........#
#.....#####............#
#...........#..........#
##############..O......#
##.♣?.....# ##.......#
#########


You could see an ogre.

Vanquished Creatures
  A phantom (D:4)
  Robin (D:2)
  2 adders (D:2)
  A worm (D:2)
  4 dart slugs
  4 leopard geckos
  An orc (D:3)
  A ball python (D:2)
  4 bats
  A giant cockroach (D:3)
  12 goblins
  4 hobgoblins
  7 kobolds
  3 frilled lizards
  3 rats
49 creatures vanquished.

Vanquished Creatures (others)
  A rat (D:2)
1 creature vanquished.

Grand Total: 50 creatures vanquished

Notes
Turn   | Place    | Note
-------+----------+-------------------------------------------
     0 | D:1      | teukkam the Minotaur Fighter began the quest for the Orb.
     0 | D:1      | Reached XP level 1. HP: 19/19 MP: 0/0
    96 | D:2      | Reached XP level 2. HP: 26/27 MP: 1/1
   372 | D:2      | Reached XP level 3. HP: 33/33 MP: 2/2
   773 | D:2      | Noticed Robin
   780 | D:2      | Reached skill level 1 in Short Blades
   785 | D:2      | Reached XP level 4. HP: 18/41 MP: 3/3
   787 | D:2      | Killed Robin
  1224 | D:4      | Noticed a phantom
  1286 | D:4      | Killed a phantom
  1286 | D:4      | Reached XP level 5. HP: 17/47 MP: 4/4
  1297 | D:4      | Noticed an ogre
  1315 | D:4      | Slain by an ogre

Skill      XL: |  1  2  3  4 |
---------------+-------------+-----
Fighting       | 4 |  4.9
Armour         | 4 |  4.7
Shields        | 4 |  4.8
Short Blades   | 1 2 |  2.1
Axes           | |  2.9

Action                   |  1- 3 |  4- 6 || total
-------------------------+-------+-------++-------
Melee: War axe           |    16 |    35 ||    51
       Headbutt          |    11 |     5 ||    16
       Short sword       |    57 |    15 ||    72
Throw: Stone             |       |     3 ||     3
  Use: Potion            |     2 |     7 ||     9
       Scroll            |     1 |     1 ||     2
  Eat: Chunk             |       |     1 ||     1
Armor: Scale mail        |    37 |    24 ||    61
       Skin              |       |     2 ||     2
Dodge: Dodged            |    21 |     6 ||    27
Block: Shield            |    50 |    27 ||    77
